cohdb
Replays
Latest Replays
All Replays
Popular Replays
Top Player Replays
Match Explorer
How It Works
Community
CoH3 Stats
Reddit
Sign in to upload your games and track your stats! →
Sign in with Steam
Match 30446970
Unlisted
Match 30446970
Overview
Messages
Build Orders
End
Panzergrenadier Squad
250 Light Carrier
Panzergrenadier Squad
Construct Light Support Kompanie
2.5-tonne Medical Truck
Assault Grenadier Squad
Assault Mechanized Group
Panzerjäger Squad
Construct Mechanized Kompanie
Selects Armored Support Battlegroup
Selects Superior Fire Drills
Selects Flammpanzer III Medium Tank Sd.Kfz. 141
Flammpanzer III Medium Tank
Marder III Tank Destroyer
Selects Command Panzer IV F Medium Tank
Command Panzer IV F Medium Tank
Advanced Field Repairs
Selects Salvage Kits
Marder III Tank Destroyer
Selects Panzer Storm
Flammpanzer III Medium Tank
Veteran Squad Leaders
HulkSMASH
P1
Anthrous
Einhander
snowflake
抖音雨哲QAQ
0
0
Comments
sign in to comment!
No comments posted yet!